 Dungeon Crawl Stone Soup version 0.30.1-4-g462c640d31 (webtiles) character file.

Game seed: 4542605125243056229

70 Zeor the Ducker (level 4, -7/18 HPs)
             Began as a Felid Air Elementalist on Aug 25, 2023.
             Mangled by an orc
             ... wielding a +0 flail
              (9 damage)
             ... on level 4 of the Dungeon.
             The game lasted 00:08:36 (3267 turns).

Zeor the Ducker (Felid Air Elementalist)            Turns: 3267, Time: 00:08:37

Health: -7/18      AC:  1    Str:  4    XL:     4   Next: 4%
Magic:  0/9        EV: 18    Int: 18    God:
Gold:   80         SH:  0    Dex: 16    Spells: 2/8 levels left
                                        Lives:  0   Deaths: 1

rFire   . .          .
                       - Unarmed
rCold   . . .        (shield unavailable)
rNeg    . . .        (body armour unavailable)
rPois   .            (helmet unavailable)
rElec   .            (cloak unavailable)
rCorr   .            (gloves unavailable)
SInv    +            (boots unavailable)
Will    +....        f - amulet of faith
Stlth   ++           b - ring of flight
HPRegen 0.23/turn    a - ring of willpower
MPRegen 0.11/turn

%: faith
@: flying, quick
A: very small, claws 1, fangs 3, see invisible, speed 1, shaggy fur 1, stealthy
paws, no weapons or thrown items, no armour, multi-lived
a: no special abilities


You were on level 4 of the Dungeon.
You visited 1 branch of the dungeon, and saw 4 of its levels.

You collected 152 gold pieces.
You spent 72 gold pieces at shops.

Inventory:

Jewellery
 a - a ring of willpower (right paw)
 b - a ring of flight (left paw)
 f - an amulet of faith (around neck)
Potions
 c - 2 potions of curing
 d - 2 potions of lignification
 g - a potion of degeneration {unknown}
 h - a potion of flight {unknown}


   Skills:
 + Level 0.5 Fighting
 * Level 3.9 Dodging
 + Level 3.1 Stealth
 * Level 1.0 Unarmed Combat
 + Level 2.8 Spellcasting
 + Level 1.6 Conjurations
 + Level 3.2 Air Magic


You had 2 spell levels left.
You knew the following spells:

 Your Spells              Type           Power      Damage    Failure   Level
d - Static Discharge      Conj/Air       22%        2-3/arc   10%         2
f - Swiftness             Air            14%        N/A       13%         3
z - Shock                 Conj/Air       44%        1d5       6%          1

Your spell library contained the following spells:

 Spells                   Type           Power      Damage    Failure   Level
 Airstrike                Air            7%         2d(1-17)  41%         4
 Call Canine Familiar     Summ           2%         N/A       45%         3
 Summon Guardian Golem    Hex/Summ       2%         N/A       45%         3
 Malign Gateway           Summ/Tloc      1%         N/A       100%        7
 Animate Armour           Summ/Erth      Unusable   N/A       N/A         4

Dungeon Overview and Level Annotations

Branches:
Dungeon (4/15)
 Temple: D:4-7

Altars:
Dithmenos
Elyvilon
Fedhas
Gozag
Hepliaklqana
Vehumet
Xom

Shops:
D:2 *

Annotations:
D:3 Grinder


Innate Abilities, Weirdness & Mutations

You have sharp claws.
You have razor-sharp teeth.
You have supernaturally acute eyesight. (SInv)
You cover ground quickly. (Speed+)
You are covered in fur. (AC +1)
Your paws help you pounce on unaware monsters.
You are incapable of wielding weapons or throwing items.
You cannot wear armour.
You gain extra lives every three experience levels.


Message History

The orc priest invokes the aid of Beogh against you.
You resist with some effort.
Things that are here:
a +0 hand axe; a +0 leather armour The orc priest barely misses you.
Casting: Shock (safe; 6% risk of failure)
Confirm with . or Enter, or press ? or * to list all spells.
The orc priest is struck by an arc of lightning.
The orc priest is almost dead.
You are struck by an arc of lightning.
* * * LOW HITPOINT WARNING * * *
The orc priest is struck by an arc of lightning.
You kill the orc priest!
You are struck by an arc of lightning.
* * * LOW HITPOINT WARNING * * *
The lightning grounds out.
Your Unarmed Combat skill increases to level 1!
Welcome back to level 4!
Casting: Static Discharge (safe; 10% risk of failure)
Confirm with . or Enter, or press ? or * to list all spells.
Aiming: Shock (safe; 6% risk of failure)
Press: ? - help, Shift-Dir - straight line The zap hits the orc but does no damage.
The zap misses the orc.
Your magical contamination has completely faded away.
Casting: Shock (safe; 6% risk of failure)
Confirm with . or Enter, or press ? or * to list all spells.
The orc is struck by an arc of lightning.
The orc is heavily wounded.
You are struck by an arc of lightning.
* * * LOW HITPOINT WARNING * * *
The lightning grounds out.
The orc completely misses you.
You scratch the orc but do no damage.
The orc is heavily wounded.
The orc barely misses you.
You scratch the orc but do no damage.
The orc is heavily wounded.
The orc hits you with a +0 flail!
Ouch! That really hurt!
You die... ▒▒∙∙∙∙ ∙∙∙∙∙

▒∙∙∙▒▒
▒∙∙∙▒
▒∙∙∙▒
▒▒∙∙▒
▒∙)▒▒
▒∙∙o▒
▒∙∙h▒
▒▒∙∙)∙∙∙∙▒
▒∙∙∙∙∙∙∙∙∙
▒∙∙∙∙∙∙∙∙∙
∙∙∙∙∙∙∙▒▒▒
∙∙∙∙∙∙▒▒▒
∙∙∙∙∙∙▒
▒∙∙∙∙∙∙∙


You could see an orc.

Vanquished Creatures
  An orc priest (D:4)
  2 adders
  A dart slug (D:1)
  3 orcs
  3 ball pythons
  3 bats
  4 endoplasms
  2 giant cockroaches
  6 hobgoblins
  6 jackals
  5 quokkas
  3 frilled lizards
  9 goblins
  4 kobolds
  5 rats
57 creatures vanquished.

Notes
Turn   | Place    | Note
-------+----------+-------------------------------------------
     0 | D:1      | Zeor the Felid Air Elementalist began the quest for the
                  | Orb.
     0 | D:1      | Reached XP level 1. HP: 7/7 MP: 4/4
   398 | D:1      | Reached XP level 2. HP: 11/11 MP: 4/6
   588 | D:1      | Learned a level 2 spell: Static Discharge
   637 | D:1      | Reached skill level 1 in Conjurations
  1198 | D:2      | Reached XP level 3. HP: 14/14 MP: 2/7
  1279 | D:2      | Learned a level 3 spell: Swiftness
  1449 | D:2      | Found Ivuth's General Store.
  1455 | D:2      | Found a hazy altar of Hepliaklqana.
  1457 | D:2      | Bought a potion of curing for 36 gold pieces
  1457 | D:2      | Bought a scroll of identify for 24 gold pieces
  1457 | D:2      | Bought a scroll of noise for 12 gold pieces
  2220 | D:3      | Reached XP level 4. HP: 18/18 MP: 2/8
  2311 | D:3      | Found a shadowy altar of Dithmenos.
  2365 | D:3      | Found an opulent altar of Gozag.
  2653 | D:3      | Got Joafoath's Exposition on the Evil Eye and Generation
  2859 | D:3      | Noticed Grinder
  2933 | D:3      | Found a white marble altar of Elyvilon.
  2934 | D:3      | Found a shimmering altar of Xom.
  3007 | D:3      | Found a blossoming altar of Fedhas.
  3007 | D:3      | Found a radiant altar of Vehumet.
  3217 | D:4      | Killed from afar by an orc priest
  3218 | D:4      | Reached XP level 3. HP: -5/15 MP: 0/8
  3264 | D:4      | Reached skill level 1 in Unarmed Combat
  3264 | D:4      | Reached XP level 4. HP: 4/18 MP: 3/9
  3267 | D:4      | Mangled by an orc

Illustrated notes

Levels and vault maps discovered:
D:1:      dpeg_arrival_pits, layout_basic, st_stairs_10
D:2:      layout_rooms, basic_altar, serial_shops, nicolae_shop_behind_doors,
          serial_park_tiny_pond
D:3:      layout_basic, nicolae_overflow_hidden_temple,
          mainiacjoe_overflow_catwalk_spiral, kennysheep_cross_bottleneck,
          minmay_misc_feat_enclosed, uniq_grinder
D:4:      layout_layer_cave, minmay_temple_entry_drinking_statues

Skill      XL: |  1  2  3 |
---------------+----------+-----
Dodging        | 3 |  3.9
Conjurations   | 1 |  1.6
Air Magic      | 3 |  3.2
Stealth        | 3 |  3.1
Unarmed Combat | 1 |  1.0
Fighting       | |  0.5
Spellcasting   | |  2.8

Action                     |  1- 3 |  4- 6 || total
---------------------------+-------+-------++-------
  Melee: Unarmed           |    38 |     7 ||    45
         Bite              |     4 |       ||     4
   Cast: Shock             |    81 |    22 ||   103
         Static Discharge  |    11 |     4 ||    15
    Use: Scroll            |     7 |     3 ||    10
         Potion            |     3 |     2 ||     5
   Stab: Sleeping          |     2 |     3 ||     5
 Armour: Skin              |     8 |       ||     8
  Dodge: Dodged            |    68 |    12 ||    80
